 Dungeon Crawl Stone Soup version 0.31-a0-45-g5f0c076935 (webtiles) character file.

Game seed: 15338485631689705558

121 blank1 the Trooper (level 4, 0/41 HPs)
             Began as a Minotaur Fighter on May 21, 2023.
             Killed by nerve-wracking pain
             ... invoked by an orc priest
              (7 damage)
             ... on level 3 of the Dungeon.
             The game lasted 00:03:25 (1627 turns).

blank1 the Trooper (Minotaur Fighter)               Turns: 1627, Time: 00:03:26

Health: 0/41       AC:  9    Str: 22    XL:     4   Next: 76%
Magic:  3/3        EV: 13    Int:  5    God:
Gold:   27         SH:  4    Dex: 10    Spells: 3/3 levels left

rFire   . . .        a - +0 war axe
rCold   . . .        c - +0 buckler
rNeg    . . .        n - +0 chain mail
rPois   .            (helmet restricted)
rElec   .            (no cloak)
rCorr   .            (no gloves)
SInv    .            (no boots)
Will    .....        b - amulet of regeneration Stlth
                     i - +5 ring of evasion
HPRegen 1.06/turn    (no ring)
MPRegen 0.08/turn

%: no passive effects
@: no status effects
A: horns 2, retaliatory headbutt
a: no special abilities


You were on level 3 of the Dungeon.
You visited 1 branch of the dungeon, and saw 3 of its levels.

You collected 27 gold pieces.

Inventory:

Hand Weapons
 a - a +0 war axe (weapon)
Armour
 c - a +0 buckler (worn)
 n - a +0 chain mail (worn)
Jewellery
 b - an amulet of regeneration (around neck)
 i - a +5 ring of evasion (left hand)
Scrolls
 e - 2 scrolls of identify
 f - a scroll of blinking {unknown}
 h - 2 scrolls of enchant armour {unknown}
 j - 2 scrolls of teleportation {unknown}
 k - a scroll of fear {unknown}
 m - a scroll of noise {unknown}
 p - 3 scrolls of enchant weapon {unknown}
Potions
 d - a potion of might
 g - a potion of invisibility
 l - a potion of brilliance
 o - a potion of lignification


   Skills:
 + Level 4.7 Fighting
 + Level 4.0 Axes
 - Level 4.0 Armour
 - Level 2.0 Dodging
 - Level 4.0 Shields


You had 3 spell levels left.
You didn't know any spells.
Your spell library contained the following spells:

 Spells                   Type           Power      Damage    Failure   Level
 Ensorcelled Hibernation  Hex/Ice        0%         N/A       99%         2
 Spider Form              Tmut/Pois      0%         N/A       100%        3
 Anguish                  Hex/Necr       0%         N/A       100%        4


Dungeon Overview and Level Annotations

Branches:
Dungeon (3/15)

Altars:


Innate Abilities, Weirdness & Mutations

You have a pair of horns on your head.
You reflexively headbutt those who attack you in melee.


Message History

You see here a +0 falchion.
You hit the orc but do no damage. The orc hits you but does no damage.
A rat comes into view.
You closely miss the orc. Your headbutt misses the orc.
The orc hits you but does no damage.
The orc priest mumbles some strange prayers to Beogh against you.
Beogh smites you! The orc hits you but does no damage.
You closely miss the orc.
The orc priest calls down the wrath of Beogh upon you.
Beogh smites you!
* * * LOW HITPOINT WARNING * * *
You barely miss the orc. You block the orc's attack.
You completely miss the orc priest. You hit the orc. The orc barely misses you.
You furiously retaliate!
You headbutt the orc!
You kill the orc!
The orc priest invokes the aid of Beogh against you.
Pain shoots through your body!
* * * LOW HITPOINT WARNING * * *
The orc priest barely misses you.
You barely miss the orc priest.
The orc priest hits you but does no damage.
You barely miss the orc priest. You headbutt the orc priest!
The orc priest is severely wounded.
You slash the rat!
You kill the rat!
The orc priest looks satisfied for a moment.
You closely miss the orc priest.
The orc priest is severely wounded.
The orc priest misses you.
The orc priest mumbles some strange prayers to Beogh against you.
Pain shoots through your body!
* * * LOW HITPOINT WARNING * * *
You hit the orc priest. Your headbutt misses the orc priest.
The orc priest is almost dead.
You block the orc priest's attack.
You hit the orc priest but do no damage.
The orc priest is almost dead.
The orc priest mumbles some strange prayers to Beogh against you.
Pain shoots through your body!
You die...

#.#.##..#.....#..###
#.#.##..#.....#..#..
#.#.#####.....####..
#####.#.##..#.....#..###
#.......##..'.....'..#..
.#.###.#######'###'####..
#..)......# #†.#..#...<.
###.###.#.# #..#..##)###
#.#@# #######.....
#.#)o...... #.#.##.
........... # #.##.
#.#........ #....
..#.####... ##### ####..
.. # ### # #


You could see an orc priest.

Vanquished Creatures
  7 adders
  A worm (D:2)
  2 dart slugs
  2 orcs (D:3)
  2 endoplasms
  3 giant cockroaches
  4 goblins
  8 hobgoblins
  5 kobolds
  A quokka (D:1)
  6 ball pythons
  5 bats
  2 frilled lizards (D:1)
  5 rats
53 creatures vanquished.

Notes
Turn   | Place    | Note
-------+----------+-------------------------------------------
     0 | D:1      | blank1 the Minotaur Fighter began the quest for the Orb.
     0 | D:1      | Reached XP level 1. HP: 19/19 MP: 0/0
    90 | D:1      | Reached XP level 2. HP: 27/27 MP: 1/1
   161 | D:1      | Found a faded altar of an unknown god.
   285 | D:1      | Reached skill level 1 in Dodging
   508 | D:1      | Reached XP level 3. HP: 33/33 MP: 2/2
  1516 | D:3      | Reached XP level 4. HP: 41/41 MP: 3/3
  1627 | D:3      | Killed from afar by an orc priest

Illustrated notes

Levels and vault maps discovered:
D:1:      psy_arrival_basics, layout_loops_ring,
          hellmonk_ecumenical_altar_heavens_door
D:2:      layout_loops_ring
D:3:      layout_basic, minmay_snake_closets

Skill      XL: |  1  2  3  4 |
---------------+-------------+-----
Dodging        | 1 2 |  2.0
Fighting       | 4 |  4.7
Shields        | 4 |  4.0
Axes           | 3 4 |  4.0
Armour         | 4 |  4.0

Action                     |  1- 3 |  4- 6 || total
---------------------------+-------+-------++-------
  Melee: War axe           |    81 |    24 ||   105
         Headbutt          |     6 |     2 ||     8
    Use: Scroll            |     3 |       ||     3
 Armour: Scale mail        |    15 |       ||    15
         Chain mail        |    12 |    11 ||    23
  Dodge: Dodged            |    38 |    15 ||    53
  Block: Buckler           |    12 |     6 ||    18

Table legend: (Time is in decaauts)
 A = Elapsed time spent in this place.
 B = Non-inter-level travel time spent in this place.
 C = Inter-level travel time spent in this place.
 D = Time resting spent in this place.
 E = Time spent auto-exploring this place.
 F = Levels seen in this place.
 G = Mean time per level.
                   A        B        C        D        E       F      G
               +--------+--------+--------+--------+--------+-----+--------+
         Total |   1665 |   1611 |     54 |      0 |   1281 |   3 |  555.0 |
       Dungeon |   1665 |   1611 |     54 |      0 |   1281 |   3 |  555.0 |
               +--------+--------+--------+--------+--------+-----+--------+

Top non-repeatable levels by time:
     D:1: 807 daAuts
     D:2: 652 daAuts
     D:3: 205 daAuts
